 Dungeon Crawl Stone Soup version 0.20-b1-24-gb21faa7 (webtiles) character file.

185 cereshysteria the Skirmisher (level 5, 0/50 HPs)
             Began as a Naga Fighter on May 26, 2017.
             Slain by an iguana (5 damage)
             ... on level 4 of the Dungeon.
             The game lasted 00:07:54 (3476 turns).

cereshysteria the Skirmisher (Naga Fighter)         Turns: 3476, Time: 00:07:54

Health: 0/50       AC:  5    Str: 25    XL:     5   Next: 64%
Magic:  5/5        EV:  6    Int:  8    God:
Gold:   101        SH: 10    Dex: 10    Spells: 4/4 levels left

rFire    . . .     SeeInvis +   a - +0 trident
rCold    . . .     Gourm    .   c - +1 shield
rNeg     . . .     Faith    .   b - +0 scale mail
rPois    +         Spirit   .   (no helmet)
rElec    .         Reflect  .   (no cloak)
rCorr    .         Harm     .   (no gloves)
MR       .....                  (no barding)
Stlth    ..........             (no amulet)
Regen    0.2/turn               (no ring)
MPRegen  0.1/turn               (no ring)

@: mighty, hasted, quick
A: see invisible, deformed body, poison resistance, slowness 2, slow metabolism
1, spit poison 1, AC +1
a: Spit Poison


You were on level 4 of the Dungeon.
You were not hungry.

You visited 1 branch of the dungeon, and saw 4 of its levels.

You collected 101 gold pieces.

Inventory:

Hand Weapons
 a - a +0 trident (weapon)
 h - a +0 short sword
Armour
 b - a +0 scale mail (worn)
 c - a +1 shield (worn)
Jewellery
 p - a +2 ring of dexterity {unknown}
Scrolls
 k - a scroll of recharging
 l - a scroll of fog {unknown}
 m - a scroll of random uselessness {unknown}
 o - a scroll of identify
 q - a scroll of noise {unknown}
Potions
 e - a potion of curing {unknown}
 g - a potion of magic {unknown}
 j - a potion of flight {unknown}
 n - a potion of brilliance {unknown}
Comestibles
 f - a bread ration


   Skills:
 + Level 3.8 Fighting
 + Level 3.7 Polearms
 - Level 2.7 Armour
 - Level 1.0 Dodging
 + Level 3.2 Shields


You had 4 spell levels left.
You didn't know any spells.

Dungeon Overview and Level Annotations

Branches:
Dungeon (4/15)
 Temple: D:4-7

Altars:


Innate Abilities, Weirdness & Mutations

You cannot wear boots.
Your serpentine skin is tough. (AC +1)
You have supernaturally acute eyesight. (SInv)
Armour fits poorly on your strangely shaped body.
Your system is resistant to poisons. (rPois)
You cover ground very slowly.
You have a slow metabolism.
You can spit poison.


Message History

You feel very mighty all of a sudden.
The orc wizard casts a spell.
The orc wizard blinks!
The hobgoblin barely misses you. You block the iguana's attack.
You barely miss the orc. You block the orc's attack.
The hobgoblin barely misses you.
You puncture the orc!
You kill the orc!
The iguana bites you.
* * * LOW HITPOINT WARNING * * *
The hobgoblin hits you.
* * * LOW HITPOINT WARNING * * *
The iguana bites you.
* * * LOW HITPOINT WARNING * * *
You closely miss the hobgoblin. You block the hobgoblin's attack.
The iguana closely misses you.
You hit the hobgoblin.
You kill the hobgoblin!
The iguana bites you.
You die...

############?#
##....l<......#
....o.†@.......
##.######.#####
.# #


You could see an iguana and an orc wizard.

Vanquished Creatures
  2 orc wizards (D:3)
  2 adders (D:2)
  2 worms (D:2)
  5 dart slugs
  A leopard gecko (D:2)
  11 orcs
  A giant cockroach (D:2)
  6 goblins
  8 hobgoblins
  15 jackals
  2 quokkas
  A ball python (D:1)
  6 bats
  3 frilled lizards
  6 kobolds
  9 rats
80 creatures vanquished.

Notes
Turn   | Place    | Note
-------+----------+-------------------------------------------
     0 | D:1      | cereshysteria the Naga Fighter began the quest for the Orb.
     0 | D:1      | Reached XP level 1. HP: 21/21 MP: 1/1
   284 | D:1      | Reached XP level 2. HP: 28/28 MP: 2/2
   512 | D:1      | Reached XP level 3. HP: 34/34 MP: 3/3
   972 | D:2      | Reached skill level 1 in Dodging
  1709 | D:2      | Reached XP level 4. HP: 9/42 MP: 4/4
  2463 | D:3      | Reached XP level 5. HP: 18/49 MP: 5/5
  3476 | D:4      | Slain by an iguana

Skill      XL: |  1  2  3  4 |
---------------+-------------+-----
Dodging        | 1 |  1.0
Polearms       | 3 |  3.7
Shields        | 3 |  3.2
Fighting       | |  3.8
Armour         | |  2.7

Action                   |  1- 3 |  4- 6 || total
-------------------------+-------+-------++-------
Melee: Trident           |   148 |   161 ||   309
  Use: Scroll            |     3 |     2 ||     5
       Potion            |       |     3 ||     3
  Eat: Fruit             |     2 |     1 ||     3
       Chunk             |       |     1 ||     1
       Meat ration       |       |     1 ||     1
Armor: Scale mail        |    65 |    68 ||   133
Dodge: Dodged            |    23 |    57 ||    80
Block: Shield            |    86 |   127 ||   213
